 Dungeon Crawl Stone Soup version 0.29.1-12-g30fa7ad0bf (webtiles) character file.

Game seed: 8152116652539814072

107 wormed the Trooper (level 4, -1/35 HPs)
             Began as a Demonspawn Fighter on Dec 22, 2022.
             Succumbed to an orc wizard's poison
             ... on level 3 of the Dungeon.
             The game lasted 00:03:16 (2753 turns).

wormed the Trooper (Demonspawn Fighter)             Turns: 2753, Time: 00:03:17

Health: -1/35      AC:  9    Str: 17 (18) XL:     4   Next: 56%
Magic:  4/4        EV:  6    Int:  9      God:
Gold:   75         SH:  0    Dex: 11 (13) Spells: 3/3 levels left

rFire   . . .      SeeInvis .   a - +0 flail
rCold   . . .      Faith    .   c - +0 buckler
rNeg    . . .      Spirit   .   m - +0 chain mail
rPois   .          Reflect  .   (no helmet)
rElec   .          Harm     .   (no cloak)
rCorr   .          Rampage  .   (no gloves)
Will    .....                   (no boots)
Stlth   ..........              (no amulet)
HPRegen 0.11/turn               (no ring)
MPRegen 0.09/turn               (no ring)

@: confused, lethally poisoned (-1 -> -30), invisible
A: demonic touch 1
a: no special abilities


You were on level 3 of the Dungeon.
You visited 1 branch of the dungeon, and saw 3 of its levels.

You collected 75 gold pieces.

Inventory:

Hand Weapons
 a - a +0 flail (weapon)
Armour
 c - a +0 buckler (worn)
 m - a +0 chain mail (worn)
Scrolls
 b - a scroll of identify {unknown}
 o - 2 scrolls of torment {unknown}
 p - a scroll of teleportation {unknown}
Potions
 d - a potion of might
 e - 5 potions of curing {unknown}
 f - a potion of brilliance
 g - a potion of resistance {unknown}
 h - a potion of invisibility
 i - a potion of magic {unknown}
 j - 2 potions of degeneration
 k - a potion of cancellation {unknown}
 l - 2 potions of berserk rage {unknown}
 n - a potion of flight {unknown}


   Skills:
 + Level 3.5 Fighting
 * Level 3.0 Maces & Flails
 + Level 3.2 Armour
 + Level 3.2 Shields


You had 3 spell levels left.
You didn't know any spells.
Your spell library contained the following spells:

 Spells                   Type           Power      Damage    Failure   Level
 Slow                     Hex            0%         N/A       100%        1
 Confusing Touch          Hex            0%         N/A       100%        3
 Gell's Gravitas          Tloc           0%         N/A       100%        3
 Lesser Beckoning         Tloc           0%         N/A       100%        3
 Teleport Other           Tloc           0%         N/A       100%        3
 Vampiric Draining        Necr           0%         2d6       100%        3


Dungeon Overview and Level Annotations

Branches:
Dungeon (3/15)

Altars:
Qazlal


Innate Abilities, Weirdness & Mutations

Your touch may inflict minor irresistible damage on your foes.


Message History

Things that are here:
a +0 dagger; an orc corpse You closely miss the orc wizard.
The orc wizard hits you but does no damage.
You closely miss the orc wizard. The orc wizard barely misses you.
You closely miss the orc wizard.
The orc wizard mumbles some strange words.
The orc wizard flickers and vanishes!
Deactivating autopickup; reactivate with Ctrl-A.
The orc wizard hits you with a +2 dagger of venom.
You are poisoned.
You barely miss the orc wizard.
You feel very sick. Something hits you but does no damage.
The orc wizard hits you with a +2 dagger of venom.
You closely miss the orc wizard.
You feel sick.
You hear some strange, mumbled words.
You are confused.
The orc wizard hits you but does no damage.
You are more poisoned.
You bump into the rock wall.
You feel very sick. Something hits you but does no damage.
The orc wizard hits you with a +2 dagger of venom.
You miss something.
You feel sick. Something hits you.
The orc wizard hits you but does no damage.
You are lethally poisoned!
Something hits you but does no damage.
The orc wizard hits you with a +2 dagger of venom.
You are more poisoned.
You bump into the rock wall.
* * * LOW HITPOINT WARNING * * *
You feel very sick. Something hits you.
* * * LOW HITPOINT WARNING * * *
The orc wizard hits you but does no damage.
You are more poisoned.
It was a potion of invisibility.
You fade into invisibility!
You die...

##...###.# .# ##..#
#.# # #..# #.#
####..# #.. #.....#
### #.##..# ##
#.##..###### .#
#.##.{o....#####.##
#.###@####.#......
#.# #.#
#.#.....#### #.#
#.# #..?.......
#........###o.o..#
########.#
#.o...##### #
#...<......
##[...##### ##.#.#
###.#


You could see an orc wizard (unable to see you).

Vanquished Creatures
  An orc wizard (D:3)
  Terence (D:1)
  An adder (D:2)
  2 dart slugs (D:1)
  3 orcs
  5 ball pythons
  2 endoplasms (D:1)
  3 goblins
  3 hobgoblins (D:1)
  7 jackals
  A quokka (D:2)
  4 bats (D:1)
  4 frilled lizards
  3 kobolds (D:2)
  3 rats
43 creatures vanquished.

Notes
Turn   | Place    | Note
-------+----------+-------------------------------------------
     0 | D:1      | wormed the Demonspawn Fighter began the quest for the Orb.
     0 | D:1      | Reached XP level 1. HP: 18/18 MP: 1/1
   281 | D:1      | Gained mutation: Your touch may inflict minor irresistible
                  | damage on your foes. [demonic ancestry]
   281 | D:1      | Reached XP level 2. HP: 13/24 MP: 2/2
   701 | D:1      | Found a faded altar of an unknown god.
   971 | D:2      | Reached XP level 3. HP: 29/29 MP: 3/3
  1395 | D:2      | Noticed Terence
  1668 | D:1      | Killed Terence
  1864 | D:2      | Reached XP level 4. HP: 33/35 MP: 4/4
  2109 | D:2      | Found a stormy altar of Qazlal.
  2753 | D:3      | Succumbed to an orc wizard's poison

Illustrated notes

Levels and vault maps discovered:
D:1:      saegor_arrival_simple_e, layout_basic, ebering_ecumenical_altar_mist,
          chequers_serial_rivers_micro_a
D:2:      layout_basic, basic_altar, uniq_terence
D:3:      wander_river, layout_loops_ring, portal_sewer_entry_a

Skill      XL: |  1  2  3  4 |
---------------+-------------+-----
Maces & Flails | 2 3 |  3.0
Shields        | 3 |  3.2
Armour         | 3 |  3.2
Fighting       | |  3.5

Action                   |  1- 3 |  4- 6 || total
-------------------------+-------+-------++-------
Melee: Flail             |   101 |    78 ||   179
  Use: Potion            |     2 |     1 ||     3
       Scroll            |     1 |       ||     1
Armor: Scale mail        |    72 |       ||    72
       Chain mail        |     3 |    44 ||    47
Dodge: Dodged            |    63 |    26 ||    89
Block: Buckler           |    34 |    17 ||    51
